 Dungeon Crawl Stone Soup version 0.28-a0-938-gbc3f381ebc (webtiles) character file.

Game seed: 9971638019310200857

3039 wennylee the Slicer (level 10, -1/66 HPs)
             Began as a Kobold Berserker on Nov 28, 2021.
             Was an Elder of Trog.
             Slain by a fire elemental (13 damage)
             ... summoned by a deep elf pyromancer
             ... on level 7 of the Dungeon.
             The game lasted 00:27:13 (8915 turns).

wennylee the Slicer (Kobold Berserker)              Turns: 8915, Time: 00:27:14

Health: -1/66      AC: 11    Str: 18    XL:     10   Next: 11%
Magic:  10/10      EV: 13    Int: 14    God:    Trog [****..]
Gold:   317        SH:  0    Dex: 21    Spells: 9/9 levels left

rFire   . . .      SeeInvis .   t - +0 dagger (elec)
rCold   . . .      Faith    .   (shield restricted)
rNeg    . . .      Spirit   .   J - +0 scale mail
rPois   .          Reflect  .   (no helmet)
rElec   .          Harm     .   j - +0 cloak
rCorr   .          Rampage  .   (no gloves)
Will    .....                   N - +1 pair of boots
Stlth   +.........              (no amulet)
HPRegen 0.21/turn               l - +6 ring of intelligence
MPRegen 0.12/turn               o - +6 ring of dexterity

@: mighty, on berserk cooldown, slowed, very slow
A: small, no large weapons, nightstalker 3
a: Renounce Religion, Berserk, Trog's Hand, Brothers in Arms


You were on level 7 of the Dungeon.
You worshipped Trog.
Trog was greatly pleased with you.
You visited 2 branches of the dungeon, and saw 8 of its levels.
You also visited: Sewer.

You collected 317 gold pieces.

Inventory:

Hand Weapons
 k - a +2 vorpal hand axe
 q - a +2 dagger of venom
 s - a +1 whip of flaming
 t - a +0 dagger of electrocution (weapon)
 x - a +0 vorpal short sword
 A - a +0 hand crossbow
Missiles
 b - 3 datura-tipped darts
 c - 147 stones
 u - 25 poisoned darts (quivered)
 B - 21 bolts
 H - 2 throwing nets
Armour
 j - a +0 cloak (worn)
 J - a +0 scale mail (worn)
 N - a +1 pair of boots (worn)
Magical Staves
 D - a staff of cold
Jewellery
 l - a +6 ring of intelligence (left hand)
 o - a +6 ring of dexterity (right hand)
 C - a ring of ice
 F - a ring of positive energy
Wands
 G - a wand of polymorph (11)
 M - a wand of acid (10)
Scrolls
 f - a scroll of teleportation
 m - 3 scrolls of magic mapping
 r - a scroll of fear
Potions
 a - a potion of cancellation
 e - 6 potions of magic
 h - 3 potions of invisibility
 i - a potion of lignification
 n - a potion of curing
 p - 2 potions of flight
 v - a potion of haste
 w - a potion of heal wounds


   Skills:
 + Level 9.4 Fighting
 - Level 10.1 Short Blades
 + Level 6.9 Armour
 - Level 2.4 Dodging


You had 9 spell levels left.
You didn't know any spells.
Your spell library contained the following spells:

 Spells                   Type           Power      Damage    Failure   Level
 Conjure Flame            Conj/Fire      0%         6-21      94%         3
 Ignite Poison            Fire/Tmut/Pois 0%         N/A       94%         3
 Airstrike                Air            0%         N/A       100%        4
 Leda's Liquefaction      Hex/Erth       0%         N/A       100%        4
 Sticky Flame             Conj/Fire      0%         2d3       100%        4
 Summon Lightning Spire   Summ/Air       0%         N/A       100%        4
 Lee's Rapid Deconstruct  Erth           0%         3d5*      100%        5
 Lightning Bolt           Conj/Air       0%         1d11      100%        5
 Conjure Ball Lightning   Conj/Air       0%         3x3d6     100%        6
 Statue Form              Tmut/Erth      0%         N/A       100%        6
 Discord                  Hex            0%         N/A       100%        8
 Disjunction              Tloc           0%         N/A       100%        8


Dungeon Overview and Level Annotations

Branches:
Dungeon (7/15)             Temple (1/1) D:6           Sewer (visited)

Altars:
Ashenzari
Cheibriados
Dithmenos
Elyvilon
Fedhas
Gozag
Hepliaklqana
Kikubaaqudgha
Makhleb
Okawaru
Qazlal
Ru
Sif Muna
Trog
Uskayaw
Vehumet
Wu Jian
Zin
The Shining One


Innate Abilities, Weirdness & Mutations

You are small and have problems with some larger weapons.
You are completely attuned to the shadows.


Message History

You start resting.
You are no longer berserk.
You are exhausted.
You feel yourself slow down.
You start resting.
A deep elf pyromancer comes into view. It is wielding a +0 long sword.
Things that are here:
a +0 whip; a gnoll corpse
Items here: )) [[.
The deep elf pyromancer shouts!
The deep elf pyromancer mumbles some strange words.
The deep elf pyromancer blinks!
Things that are here:
a +5 battleaxe; a +0 robe You start resting.
A deep elf pyromancer is nearby!
You hit the deep elf pyromancer.
The deep elf pyromancer is lightly wounded.
The deep elf pyromancer casts a spell at you.
The bolt of fire hits you!!
You hit the deep elf pyromancer.
The deep elf pyromancer is lightly wounded.
You hit the deep elf pyromancer.
The deep elf pyromancer is lightly wounded.
The deep elf pyromancer gestures wildly while chanting.
Okay, then.
You feel very mighty all of a sudden. The fire elemental hits you.
The fire elemental burns you!
The deep elf pyromancer points at you and mumbles some strange words.
The bolt of fire misses you.
The bolt of fire hits the fire elemental.
The fire elemental completely resists.
The fire elemental hits you. The fire elemental burns you!
The deep elf pyromancer hits you with a +0 long sword.
The fire elemental hits you. The fire elemental burns you!
* * * LOW HITPOINT WARNING * * *
You miss the deep elf pyromancer.
The deep elf pyromancer is lightly wounded.
The fire elemental hits you. The fire elemental burns you!
You die...

#..# #..... ...##
#..)# #...# #)))#
....## ##)##
..#..# +#)#
.....## ##.##
......# #..#
#.##..##
#######)##
#.##...##
....E@e## .#..>..#
.#.#.#E#
.......##.#.#.#○##
........#.....).#
........##.....##
.........#.#.#.#
.........##.#.##
........^#...#..<
........##.##...


You could see a deep elf pyromancer and 2 fire elementals.

Vanquished Creatures
  Pikel (D:7)
  A gargoyle (D:7)
  Menkaure (D:5)
  Edmund (D:5)
  Duvessa (D:5)
  A necrophage (D:5)
  2 ogres
  4 phantoms
  A kobold brigand (Sewer)
  A bullfrog (D:6)
  A scorpion (D:6)
  3 wyvern skeletons
  Dowan (D:5)
  A water moccasin skeleton (D:7)
  5 wights (D:7)
  2 centaur zombies
  A centaur skeleton (D:7)
  An orc priest (D:5)
  A gnoll shaman (D:7)
  2 hounds (D:5)
  A jelly (D:4)
  Jessica (D:3)
  An iguana (D:6)
  7 orc wizards
  A hound skeleton (D:4)
  10 adders
  5 gnolls (D:7)
  5 river rats (Sewer)
  A shadow imp (D:5)
  A white imp (D:6)
  An adder skeleton (D:5)
  4 worms
  16 orcs
  13 ball pythons
  6 endoplasms
  5 giant cockroaches
  5 goblins
  4 hobgoblins
  2 quokkas
  5 bats
  2 frilled lizards (Sewer)
  21 kobolds
  20 rats
169 creatures vanquished.

Notes
Turn   | Place    | Note
-------+----------+-------------------------------------------
     0 | D:1      | wennylee the Kobold Berserker began the quest for the Orb.
     0 | D:1      | Reached XP level 1. HP: 14/14 MP: 1/1
    72 | D:1      | Found a faded altar of an unknown god.
   199 | D:1      | Reached XP level 2. HP: 19/19 MP: 2/2
   590 | D:1      | Reached skill level 5 in Short Blades
   866 | D:2      | Reached XP level 3. HP: 23/23 MP: 3/3
  1253 | D:2      | Reached skill level 6 in Short Blades
  1253 | D:2      | Reached XP level 4. HP: 28/28 MP: 4/4
  1646 | D:3      | Noticed Jessica
  1647 | D:3      | Found a glowing drain.
  1650 | D:3      | Killed Jessica
  1718 | Sewer    | Entered a sewer
  1739 | Sewer    | Reached skill level 7 in Short Blades
  1747 | Sewer    | Reached XP level 5. HP: 27/32 MP: 5/5
  1799 | Sewer    | Reached ** piety under Trog
  2385 | Sewer    | Reached skill level 8 in Short Blades
  2475 | Sewer    | Reached XP level 6. HP: 35/37 MP: 6/6
  2603 | Sewer    | Reached skill level 9 in Short Blades
  3714 | D:3      | Found a sacrificial altar of Ru.
  3851 | D:3      | Reached *** piety under Trog
  3874 | D:3      | Found a faded altar of an unknown god.
  3876 | D:3      | Found a burning altar of Makhleb.
  4089 | D:4      | Reached XP level 7. HP: 32/41 MP: 7/7
  4360 | D:4      | Reached skill level 10 in Short Blades
  4942 | D:5      | Entered Level 5 of the Dungeon
  4943 | D:5      | Noticed Menkaure
  4947 | D:5      | Killed Menkaure
  5139 | D:5      | Reached XP level 8. HP: 38/48 MP: 8/8
  5282 | D:5      | Reached skill level 5 in Fighting
  5893 | D:5      | Noticed Duvessa
  5897 | D:5      | Noticed Dowan
  5907 | D:5      | Killed Duvessa
  5916 | D:5      | Killed Dowan
  6222 | D:5      | Noticed Edmund
  6248 | D:5      | Killed Edmund
  6249 | D:5      | Reached XP level 9. HP: 37/56 MP: 9/9
  6263 | D:5      | Found an ancient bone altar of Kikubaaqudgha.
  6263 | D:5      | Found an ornate altar of the Wu Jian Council.
  6544 | D:5      | Reached **** piety under Trog
  6578 | D:5      | Reached skill level 5 in Armour
  6848 | D:6      | Found a bloodstained altar of Trog.
  7365 | D:6      | Found a staircase to the Ecumenical Temple.
  7399 | Temple   | Entered the Ecumenical Temple
  7703 | D:6      | Found a broken altar of Ashenzari.
  8094 | D:7      | Noticed a gargoyle
  8112 | D:7      | Killed a gargoyle
  8321 | D:7      | Noticed Pikel
  8345 | D:7      | Killed Pikel
  8365 | D:7      | Reached XP level 10. HP: 26/66 MP: 10/10
  8899 | D:7      | Noticed a deep elf pyromancer
  8915 | D:7      | Slain by a fire elemental

Illustrated notes

Levels and vault maps discovered:
D:1:      dpeg_arrival_arbitrary_a, layout_rooms, ebering_ecumenical_altar_mist
D:2:      layout_loops_ring, serial_aquarium, aquarium_bridge_square
          [aquarium_subvault_window, aquarium_subvault_balcony,
          aquarium_subvault_bridge, aquarium_subvault_bridge],
          aquarium_window_1, aquarium_window_2, aquarium_window_corner,
          aquarium_view_2b, aquarium_balcony_double_3,
          nicolae_figureground_pulse
D:3:      layout_loops_ring, lemuel_coloured_pillars_altar,
          nicolae_overflow_ecumenical_swirl, cheibrodos_sewer_entry_drain,
          nrook_mini_vaults, grunt_ministairs_8, uniq_jessica
D:4:      layout_cave_pools
D:5:      layout_loops_ring, grunt_temple_overflow_open, uniq_menkaure,
          uniq_edmund, uniq_duvessa
D:6:      layout_basic, mainiacjoe_overflow_alcove_2, overflow_temple_1_default,
          minmay_temple_entry_tees
D:7:      minmay_the_grid_triangle_9x9_recursive_2
          [minmay_the_grid_triangle_9x9_prize_center,
          minmay_the_grid_triangle_9x9_intruding_spiral,
          minmay_the_grid_triangle_9x9_subtriangle,
          minmay_the_grid_triangle_9x9_zippers_horizontal], layout_rooms,
          mainiacjoe_overflow_big_doors, kennysheep_generic_room_2, uniq_pikel
Temple:   nicolae_temple_figure_eight

Skill      XL: |  1  2  3  4  5  6  7  8  9 |
---------------+----------------------------+-----
Short Blades   | 5 6 7 8 9 10 | 10.1
Fighting       | 4 6 9 |  9.4
Armour         | 3 4 6 |  6.9
Dodging        | |  2.4

Action                   |  1- 3 |  4- 6 |  7- 9 | 10-12 || total
-------------------------+-------+-------+-------+-------++-------
Melee: Short sword       |    68 |    14 |       |       ||    82
       Dagger            |       |   187 |   486 |    58 ||   731
Throw: Dart              |       |       |     3 |       ||     3
Invok: Berserk           |       |     2 |     2 |     1 ||     5
       Trog's Hand       |       |       |     1 |       ||     1
  Use: Scroll            |       |       |    15 |     5 ||    20
       Potion            |       |       |       |     1 ||     1
 Stab: Sleeping          |    13 |     8 |     5 |       ||    26
Armor: Animal skin       |    11 |       |       |       ||    11
       Ring mail         |       |    53 |    14 |       ||    67
       Scale mail        |       |       |    73 |     5 ||    78
Dodge: Dodged            |    39 |   111 |   144 |    24 ||   318

Table legend: (Time is in decaauts)
 A = Elapsed time spent in this place.
 B = Non-inter-level travel time spent in this place.
 C = Inter-level travel time spent in this place.
 D = Time resting spent in this place.
 E = Time spent auto-exploring this place.
 F = Levels seen in this place.
 G = Mean time per level.
                   A        B        C        D        E       F      G
               +--------+--------+--------+--------+--------+-----+--------+
         Total |   8620 |   8620 |      0 |   2522 |   4637 |   9 |  957.8 |
       Dungeon |   7208 |   7208 |      0 |   2113 |   3881 |   7 | 1029.7 |
        Temple |    240 |    240 |      0 |      0 |    218 |   1 |  240.0 |
         Sewer |   1170 |   1170 |      0 |    409 |    538 |   1 | 1170.0 |
               +--------+--------+--------+--------+--------+-----+--------+

Top non-repeatable levels by time:
     D:5: 2055 daAuts
     D:3: 1176 daAuts
   Sewer: 1170 daAuts
     D:2: 958 daAuts
     D:4: 899 daAuts
     D:7: 778 daAuts
     D:6: 687 daAuts
     D:1: 654 daAuts
  Temple: 240 daAuts
